 Dungeon Crawl Stone Soup version 0.31.0-32-g396128a36d (webtiles) character file.

Game seed: 16119289084405482665

102 PaiMei the Grave Robber (level 4, -8/32 HPs)
             Began as a Demonspawn Necromancer on Mar 14, 2024.
             Killed by nerve-wracking pain
             ... invoked by an orc priest
              (11 damage)
             ... on level 3 of the Dungeon.
             The game lasted 00:02:25 (2014 turns).

PaiMei the Grave Robber (Demonspawn Necromancer)    Turns: 2014, Time: 00:02:26

Health: -8/32      AC:  3    Str:  8    XL:     4   Next: 50%
Magic:  6/8        EV: 12    Int: 17    God:
Gold:   77         SH:  0    Dex: 14    Spells: 4/8 levels left

rFire   . . .        f - +0 short sword
rCold   . . .        (no shield)
rNeg    . . .        a - +0 robe
rPois   .            (no helmet)
rElec   .            (no cloak)
rCorr   .            (no gloves)
SInv    .            e - +0 pair of boots
Will    .....        m - amulet of magic regeneration
Stlth   ++           (no ring)
HPRegen 0.25/turn    (no ring)
MPRegen 0.51/turn

%: no passive effects
@: no status effects
A: claws 1
a: no special abilities


You were on level 3 of the Dungeon.
You visited 1 branch of the dungeon, and saw 3 of its levels.

You collected 77 gold pieces.

Inventory:

Hand Weapons
 f - a +0 short sword (weapon)
 k - a +0 flail
Missiles
 g - 2 poisoned darts (quivered)
Armour
 a - a +0 robe (worn)
 e - a +0 pair of boots (worn)
Jewellery
 m - an amulet of magic regeneration (around neck)
Scrolls
 c - 2 scrolls of teleportation {unknown}
 d - a scroll of immolation {unknown}
 h - a scroll of poison {unknown}
 i - a scroll of fear {unknown}
 l - a scroll of identify {unknown}
Potions
 b - 2 potions of magic
 j - a potion of brilliance {unknown}
 n - a potion of curing {unknown}
 o - a potion of enlightenment {unknown}


   Skills:
 + Level 1.6 Fighting
 + Level 2.6 Dodging
 - Level 2.0 Stealth
 + Level 2.8 Spellcasting
 + Level 5.0 Necromancy


You had 4 spell levels left.
You knew the following spells:

 Your Spells              Type           Power      Damage    Failure   Level
a - Necrotise             Necr           76%        1d7       2%          1
b - Vampiric Draining     Necr           19%        2d7       7%          3

Your spell library contained the following spells:

 Spells                   Type           Power      Damage    Failure   Level
 Slow                     Hex            8%         N/A       19%         1
 Animate Dead             Necr           19%        N/A       22%         4
 Confusing Touch          Hex            2%         N/A       47%         3
 Sigil of Binding         Hex            2%         N/A       47%         3
 Curse of Agony           Necr           19%        N/A       52%         5


Dungeon Overview and Level Annotations

Branches:
Dungeon (3/15)

Altars:


Innate Abilities, Weirdness & Mutations

You have sharp fingernails.


Message History

There is a stone staircase leading up here.
An orc priest is nearby!
Casting: Necrotise (safe; 2% risk of failure)
Confirm with . or Enter, or press ? or * to list all spells.
Aiming: Necrotise (safe; 2% risk of failure)
Press: ? - help, Shift-Dir - straight line, f - orc priest
Aim: an orc priest, wielding a +0 hand axe (chance to affect: 78%)
The orc priest barely resists.
Casting: Necrotise (safe; 2% risk of failure)
Confirm with . or Enter, or press ? or * to list all spells.
Aiming: Necrotise (safe; 2% risk of failure)
Press: ? - help, Shift-Dir - straight line, f/p - orc priest
Aim: an orc priest, wielding a +0 hand axe (chance to affect: 78%)
The orc priest barely resists.
The orc priest mumbles some strange prayers to Beogh against you.
Pain shoots through your body!
Casting: Necrotise (safe; 2% risk of failure)
Confirm with . or Enter, or press ? or * to list all spells.
Aiming: Necrotise (safe; 2% risk of failure)
Press: ? - help, Shift-Dir - straight line, f/p - orc priest
Aim: an orc priest, wielding a +0 hand axe (chance to affect: 78%)
The orc priest barely resists.
Casting: Necrotise (safe; 2% risk of failure)
Confirm with . or Enter, or press ? or * to list all spells.
Aiming: Necrotise (safe; 2% risk of failure)
Press: ? - help, Shift-Dir - straight line, f/p - orc priest
Aim: an orc priest, wielding a +0 hand axe (chance to affect: 78%)
The orc priest writhes in agony!
The orc priest mumbles some strange prayers to Beogh against you.
Beogh smites you!
* * * LOW HITPOINT WARNING * * *
Casting: Necrotise (safe; 2% risk of failure)
Confirm with . or Enter, or press ? or * to list all spells.
Aiming: Necrotise (safe; 2% risk of failure)
Press: ? - help, Shift-Dir - straight line, f/p - orc priest
Aim: an orc priest, wielding a +0 hand axe (heavily wounded, chance to affect: 78%)
The orc priest barely resists.
The orc priest calls down the wrath of Beogh upon you.
Pain shoots through your body!
You die...

..# ...
[.#. ....
...
....###+#.#
..........#
.........#
####......#
#........@#
.#####.#.#
#...#o#
#)#.#.#
###.###.#
#.......#
#.#o#####
#.#...#
#.###.#


You could see an orc priest.

Vanquished Creatures
  Natasha (D:3)
  3 adders (D:2)
  A ribbon worm (D:2)
  A dart slug (D:1)
  An orc (D:3)
  2 ball pythons
  4 endoplasms (D:1)
  3 giant cockroaches (D:1)
  3 goblins
  5 hobgoblins
  3 jackals (D:1)
  A quokka (D:2)
  4 bats (D:2)
  2 frilled lizards (D:2)
  6 kobolds
  2 rats (D:2)
42 creatures vanquished.

Vanquished Creatures (collateral kills)
  A ribbon worm (D:2)
1 creature vanquished.

Grand Total: 43 creatures vanquished

Notes
Turn   | Place    | Note
-------+----------+-------------------------------------------
     0 | D:1      | PaiMei the Demonspawn Necromancer began the quest for the
                  | Orb.
     0 | D:1      | Reached XP level 1. HP: 13/13 MP: 3/3
   239 | D:1      | Gained mutation: You have sharp fingernails. [demonic
                  | ancestry]
   239 | D:1      | Reached XP level 2. HP: 19/19 MP: 0/5
   978 | D:1      | You fall into a shaft and drop 1 floor!
  1076 | D:2      | Reached XP level 3. HP: 25/25 MP: 4/6
  1354 | D:2      | Reached skill level 1 in Fighting
  1499 | D:2      | Reached XP level 4. HP: 12/32 MP: 0/7
  1933 | D:3      | Noticed Natasha
  1942 | D:3      | Killed Natasha
  1943 | D:3      | Reached skill level 5 in Necromancy
  1953 | D:3      | Learned a level 3 spell: Vampiric Draining
  2014 | D:3      | Killed from afar by an orc priest

Illustrated notes

Levels and vault maps discovered:
D:1:      dpeg_arrival_water_temple_mockup, layout_loops_corners
D:2:      minmay_spotlight, layout_basic, serial_shops, shop
D:3:      layout_basic, basic_ecumenical_altar, uniq_natasha

Skill      XL: |  1  2  3  4 |
---------------+-------------+-----
Stealth        | 2 |  2.0
Dodging        | 2 |  2.6
Fighting       | 1 |  1.6
Necromancy     | 5 |  5.0
Spellcasting   | |  2.8

Action                     |  1- 3 |  4- 6 || total
---------------------------+-------+-------++-------
  Melee: Unarmed           |     9 |       ||     9
         Punch             |     1 |       ||     1
         Short sword       |    10 |     1 ||    11
         Flail             |     9 |       ||     9
   Cast: Necrotise         |    64 |    26 ||    90
   Stab: Distracted        |       |     1 ||     1
 Armour: Robe              |    30 |     8 ||    38
  Dodge: Dodged            |    24 |     4 ||    28
